 Dungeon Crawl Stone Soup version 0.23.1 (webtiles) character file.

Game seed: 18342860134696496978

285 Borgoz the Cutter (level 6, -7/45 HPs)
             Began as a Ghoul Enchanter on Mar 14, 2019.
             Mangled by Sigmund
             ... wielding a +0 scythe
              (8 damage)
             ... on level 4 of the Dungeon.
             The game lasted 00:09:34 (4001 turns).

Borgoz the Cutter (Ghoul Enchanter)                 Turns: 4001, Time: 00:09:35

Health: -7/45      AC:  7    Str: 12    XL:     6   Next: 29%
Magic:  2/9        EV: 12    Int: 13    God:
Gold:   217        SH:  0    Dex: 15    Spells: 4/10 levels left

rFire    . . .     SeeInvis .   a - +1 dagger
rCold    + . .     Gourm    .   (no shield)
rNeg     + + +     Faith    .   i - +0 ring mail
rPois    ∞         Spirit   .   (no helmet)
rElec    .         Reflect  .   r - +0 cloak
rCorr    .         Harm     .   n - +0 pair of gloves
MR       .....                  (no boots)
Stlth    ++........             (no amulet)
HPRegen  0.00/turn              k - +3 ring of intelligence
MPRegen  0.11/turn              l - +4 ring of dexterity

@: very slightly contaminated, rotting
A: rotting body, claws 1, carnivore, cold resistance 1, negative energy
resistance 3, inhibited regeneration, torment resistance, unbreathing
a: no special abilities


You were on level 4 of the Dungeon.
You were not hungry.

You visited 1 branch of the dungeon, and saw 5 of its levels.

You collected 217 gold pieces.

Inventory:

Hand Weapons
 a - a +1 dagger (weapon)
 b - a +0 blowgun
Missiles
 e - 58 poisoned needles
 p - 2 curare-tipped needles
Armour
 i - a +0 ring mail (worn)
 n - a +0 pair of gloves (worn)
 r - a +0 cloak (worn)
Jewellery
 c - an uncursed ring of resist corrosion
 k - a +3 ring of intelligence (left hand)
 l - a +4 ring of dexterity (right hand)
 q - an uncursed ring of protection from magic
Scrolls
 f - 2 scrolls of amnesia
 h - a scroll of remove curse {unknown}
 j - a scroll of fear {unknown}
 v - a scroll of teleportation
Comestibles
 d - 8 rations
 t - 13 chunks of flesh


   Skills:
 * Level 3.6 Short Blades
 + Level 2.2 Armour
 + Level 3.0 Dodging
 - Level 3.2 Stealth
 + Level 2.7 Spellcasting
 - Level 2.4 Hexes


You had 4 spell levels left.
You knew the following spells:

 Your Spells              Type           Power        Failure   Level  Hunger
a - Corona                Hex            #......      19%         1    #......
b - Ensorcelled Hibernat  Hex/Ice        #.....       43%         2    ###....
c - Confuse               Hex            #.......     50%         3    ###....

Your spell library contained the following spells:

 Spells                   Type           Power        Failure   Level  Hunger
 Tukima's Dance           Hex            #.......     50%         3    ###....
 Dazzling Spray           Conj/Hex       #.....       67%         3    ###....


Dungeon Overview and Level Annotations

Branches:
Dungeon (5/15)
 Temple: D:4-7

Altars:
Fedhas
Makhleb
Qazlal
Ru
Sif Muna
Vehumet

Annotations:
D:4 Sigmund; SilentRunner's ghost, novice MiBe


Innate Abilities, Weirdness & Mutations

Your body is rotting away.
You thrive on raw meat.
You are immune to poison.
You have sharp fingernails.
You are carnivorous and can eat meat at any time.
Your flesh is cold resistant. (rC+)
You are immune to negative energy. (rN+++)
You do not regenerate when monsters are visible.
You are immune to unholy pain and torment.
You can survive without breathing.


Message History

You aren't carrying any potions.
Sigmund hits you with a +0 scythe!
The orc hits you with a +0 quarterstaff.
* * * LOW HITPOINT WARNING * * *
You're too confused to move!
Sigmund barely misses you.
The orc hits you with a +0 quarterstaff.
* * * LOW HITPOINT WARNING * * *
Sigmund points at you and mumbles some strange words.
You resist with some effort. The orc misses you.
You miss Sigmund.
Sigmund is almost dead.
You feel less confused. Sigmund hits you with a +0 scythe.
* * * LOW HITPOINT WARNING * * *
You hit Sigmund but do no damage.
Sigmund is almost dead.
The orc hits you with a +0 quarterstaff!
* * * LOW HITPOINT WARNING * * *
Sigmund hits you with a +0 scythe!
You die...

#### ###################
#..# #.................#
#..####.).............###
####.#.#.................#)
#...#.#.........⌠.........#
#.##.#.#.................#)
#.#..####.o.............###
#.#..# #..@@.............#
#.#### ###################
#.####### #...# #.......#
#...# #.......# ###...#
#.......# #.....# #
#.......# #.#...# #
#.......# #.#...# ####
#.......###.....# #...


You could see Sigmund and an orc.

Vanquished Creatures
  An orc priest (D:2)
  2 worker ants (D:4)
  8 adders
  2 gnolls
  A shadow imp (D:3)
  4 oozes
  A worm (D:3)
  A dart slug (D:3)
  4 leopard geckos (D:4)
  8 orcs
  4 giant cockroaches
  7 goblins
  3 hobgoblins
  2 jackals (D:3)
  6 kobolds
  5 quokkas
  11 bats
  5 frilled lizards
  A quokka skeleton (D:4)
  9 rats
85 creatures vanquished.

Notes
Turn   | Place    | Note
-------+----------+-------------------------------------------
     0 | D:1      | Borgoz the Ghoul Enchanter began the quest for the Orb.
     0 | D:1      | Reached XP level 1. HP: 14/14 MP: 2/2
    72 | D:1      | Reached skill level 1 in Short Blades
   341 | D:1      | Reached XP level 2. HP: 12/20 MP: 3/3
   470 | D:1      | Learned a level 2 spell: Ensorcelled Hibernation
  1070 | D:1      | Reached XP level 3. HP: 24/25 MP: 4/4
  1234 | D:2      | Found a radiant altar of Vehumet.
  1278 | D:2      | Reached skill level 1 in Armour
  1402 | D:2      | Found a deep blue altar of Sif Muna.
  1768 | D:2      | Reached XP level 4. HP: 15/33 MP: 6/6
  2003 | D:3      | Found a blossoming altar of Fedhas.
  2190 | D:3      | Found a stormy altar of Qazlal.
  2508 | D:3      | Reached XP level 5. HP: 33/38 MP: 2/7
  3179 | D:3      | Found a burning altar of Makhleb.
  3256 | D:3      | Found a sacrificial altar of Ru.
  3316 | D:3      | Learned a level 3 spell: Confuse
  3601 | D:4      | Reached XP level 6. HP: 18/45 MP: 3/8
  3692 | D:5      | Entered Level 5 of the Dungeon
  3762 | D:4      | Noticed SilentRunner's ghost (novice MiBe)
  3903 | D:4      | Noticed Sigmund
  4001 | D:4      | HP: 1/45 [orc/+0 quarterstaff (9)]
  4001 | D:4      | Mangled by Sigmund

Skill      XL: |  1  2  3  4  5  6 |
---------------+-------------------+-----
Short Blades   | 1 2 3 |  3.6
Dodging        | 2 3 |  3.0
Armour         | 1 2 |  2.2
Spellcasting   | 2 |  2.7
Stealth        | |  3.2
Hexes          | |  2.4

Action                   |  1- 3 |  4- 6 || total
-------------------------+-------+-------++-------
Melee: Dagger            |   145 |   335 ||   480
 Cast: Ensorcelled Hiber |     1 |    13 ||    14
       Corona            |       |     2 ||     2
       Confuse           |       |     1 ||     1
  Use: Potion            |     4 |     2 ||     6
       Scroll            |       |     8 ||     8
 Stab: Sleeping          |     3 |     7 ||    10
  Eat: Chunk             |    13 |    20 ||    33
Armor: Robe              |    26 |       ||    26
       Ring mail         |    26 |   131 ||   157
Dodge: Dodged            |    93 |   237 ||   330
